Map: Catalyst LE

Players

BlackBoX - Winner!

  • Race: Zerg Zerg
  • League: Diamond
  • Spawn Location: 5:00

Dessa

  • Race: Zerg Zerg
  • League: Diamond
  • Spawn Location: 11:00

VOD

Have the link to the VOD?

Description

Time

  • Played on: Dec. 26, 2017, 8:11 a.m.
  • Length: 10:08
Show
View Real Time Build Order
Export as new Build Order

BlackBoX Zerg - Winner!

Build Orders: Hatch First 

Get SALT Encoding   

  12  0:01  Drone  
  13  0:12  Overlord  
  13  0:17  Drone  
  14  0:31  Drone x2  
  14  0:35  Drone  
  17  0:54  Hatchery  
  17  0:55  Drone  
  17  0:59  Drone  
  17  1:04  Extractor  
  17  1:14  Spawning Pool  
  17  1:17  Drone  
  17  1:20  Drone  
  18  1:28  Drone  
  19  1:41  Drone  
  20  1:50  Overlord  
  20  2:01  Queen  
  20  2:05  Queen  
  20  2:07  Zergling x2  
  25  2:09  Drone  
  25  2:10  Metabolic Boost  
  26  2:16  Drone  
  26  2:19  Drone  
  26  2:20  Spine Crawler  
  27  2:27  Drone  
  28  2:34  Drone  
  28  2:35  Baneling Nest, Drone  
  29  2:44  Queen  
  29  2:48  Drone  
  32  3:12  Drone x4  
  36  3:14  Overlord x3  
  36  3:20  Baneling x2, Extractor  
  35  3:33  Drone x4, Roach Warren  
  38  3:42  Zergling x4  
  40  3:52  Hatchery  
  40  3:55  Drone x2  
  41  4:00  Drone x2  
  43  4:05  Evolution Chamber  
  43  4:08  Evolution Chamber  
  43  4:09  Drone  
  42  4:14  Drone x2  
  46  4:17  Roach  
  46  4:20  Roach  
  46  4:22  Roach  
  50  4:32  Lair  
  50  4:35  Zerg Missile Weapons Level 1  
  50  4:38  Drone  
  51  4:42  Zerg Ground Armor Level 1  
  51  4:45  Overlord  
  51  4:47  Drone  
  51  4:51  Drone  
  51  4:52  Drone  
  54  4:55  Drone x2  
  54  4:59  Roach x2  
  60  5:04  Drone  
  61  5:11  Extractor  
  61  5:12  Extractor  
  59  5:24  Overlord x2  
  59  5:25  Drone x8  
  67  5:33  Glial Reconstitution  
  67  5:43  Drone x2  
  67  5:49  Roach x5  
  81  5:50  Roach  
  81  5:54  Overseer  
  81  6:01  Hydralisk Den  
  80  6:13  Roach x5  
  80  6:17  Overlord x3  
  90  6:36  Muscular Augments  
  90  6:37  Hydralisk  
  90  6:38  Hydralisk x3  
  98  6:44  Drone x7  
  105  6:47  Drone, Extractor  
  105  6:59  Drone x3  
  105  7:00  Drone  
  113  7:01  Roach x2  
  113  7:05  Overlord x3  
  113  7:30  Hydralisk  
  113  7:31  Hydralisk x10  
  135  7:37  Roach  
  137  7:46  Zerg Missile Weapons Level 2  
  137  7:56  Drone  
  137  7:57  Overlord x3  
  138  8:07  Extractor  
  137  8:14  Drone  
  137  8:17  Drone x5  
  143  8:21  Roach x5  
  143  8:22  Roach, Hatchery  
  154  8:28  Roach x4  
  162  8:34  Overlord x3  
  162  8:43  Infestation Pit  
  161  8:53  Roach  
  161  8:54  Roach x11  
  185  8:56  Overlord  
  175  9:10  Roach x4  
  175  9:11  Roach x3  
  156  9:19  Roach x4  
  156  9:20  Roach  
  138  9:37  Hydralisk  
  138  9:38  Hydralisk x4  
  142  9:39  Roach x3  
  142  9:41  Roach  
Show
View Real Time Build Order
Export as new Build Order

Dessa Zerg 

Build Orders: Pool First 

Get SALT Encoding   

  12  0:01  Drone  
  13  0:13  Overlord  
  13  0:18  Drone  
  14  0:31  Drone x2  
  14  0:35  Drone  
  17  0:39  Extractor  
  16  0:46  Drone  
  17  0:53  Spawning Pool  
  17  0:56  Drone  
  17  1:20  Hatchery  
  17  1:24  Drone  
  17  1:28  Drone  
  18  1:36  Overlord  
  18  1:43  Metabolic Boost  
  18  1:54  Queen  
  18  2:00  Zergling x2  
  21  2:04  Zergling x2  
  22  2:08  Drone  
  23  2:19  Baneling Nest  
  23  2:21  Drone  
  23  2:30  Queen  
  25  2:37  Queen  
  25  2:41  Drone  
  28  2:46  Drone  
  28  2:48  Drone  
  30  2:56  Drone x2  
  32  2:59  Drone  
  33  3:06  Drone x2  
  34  3:22  Zergling x2  
  34  3:23  Baneling x2  
  34  3:24  Overlord  
  34  3:26  Overlord  
  35  3:32  Extractor  
  35  3:33  Drone  
  35  3:44  Overlord  
  35  3:46  Drone x5  
  35  3:48  Zergling x6  
  43  4:09  Overlord  
  43  4:11  Hatchery  
  43  4:14  Drone  
  43  4:15  Roach Warren  
  42  4:19  Drone x2  
  42  4:22  Overlord  
  44  4:27  Drone x2  
  44  4:29  Drone x2  
  48  4:48  Extractor  
  48  4:50  Drone  
  48  4:51  Lair  
  48  4:55  Drone x2  
  48  4:56  Evolution Chamber  
  48  4:58  Drone x3  
  48  4:59  Overlord  
  52  5:14  Drone  
  53  5:15  Roach x4, Evolution Chamber  
  60  5:27  Pneumatized Carapace  
  60  5:28  Queen  
  62  5:29  Drone x3  
  62  5:32  Drone x3  
  62  5:33  Drone  
  62  5:34  Drone  
  70  5:36  Drone x2  
  70  5:39  Zerg Missile Weapons Level 1  
  70  5:42  Zerg Ground Armor Level 1  
  72  5:45  Drone x2  
  74  6:08  Unknown  
  74  6:15  Drone x6, Extractor x2  
  74  6:16  Roach x2  
  74  6:17  Roach x4  
  90  6:21  Overlord  
  90  6:23  Overlord, Glial Reconstitution  
  90  6:37  Extractor, Overlord  
  90  6:38  Drone  
  90  6:59  Drone x2, Hydralisk Den  
  90  7:00  Drone, Roach  
  90  7:01  Roach x6  
  106  7:04  Overlord x4  
  107  7:22  Ravager  
  107  7:23  Ravager x5  
  107  7:24  Roach x3  
  118  7:31  Roach x3  
  124  7:43  Drone x3  
  127  7:44  Drone x3  
  127  7:45  Overlord x3  
  130  7:53  Overlord  
  130  7:54  Overlord  
  130  7:55  Overlord  
  130  8:20  Hydralisk  
  130  8:21  Hydralisk x11  
  154  8:38  Extractor, Hatchery  
  152  8:56  Muscular Augments  
  104  9:19  Roach x3, Hydralisk x5  
  104  9:20  Roach x5  
  106  9:30  Overlord x2  
  97  9:37  Roach, Hydralisk x2  
  97  9:38  Roach x3, Hydralisk  
  109  9:43  Ravager  
Tags
 
Matchup
ZvZ
Race
Zerg
Replay Pack
2017S4
Spawn Locations
Cross Positions
Add a new tag
Caveats
  • Supply blocks, unpowered buildings, or Contaminate may cause inaccurate times.
  • Supply counts are checked every 10 seconds.